AoeStats
← [CL]Sendoh

Arabia

510523562Analyzed
1v1 RM · 2d ago on Oct 1, 2026· 25m 55s· 2 players
Game mode
Random Map
Map size
Tiny (2 player)
Population
200
Speed
Normal
Resources
Standard
Victory
Conquest
Starting age
Dark Age
Ending age
Imperial Age
RankedLock teamsTeams togetherTeam positionsShared explorationLock speedFull tech treeHidden civsTurbo modeCheats
Victory
Defeat
🇿🇦 Khmer · South Africa
1334
+17
🇨🇱 Vietnamese · Chile
1348
-17
sam4liverpool
6:16 Loom
6:28 Loom
9:01 Feudal Age
9:56 Double-Bit Axe
15:20 Horse Collar
23:18 Castle Age
21:51 Fletching
23:21 Elite Skirmisher
24:34 Bodkin Arrow
[CL]Sendoh
0:34 Loom
9:47 Feudal Age
10:04 Man-at-Arms
15:54 Double-Bit Axe
20:28 Fletching
22:18 Padded Archer Armor
27:41 Castle Age
Connection lost

Rejoining the realm…

Still unreachable

The connection could not be restored.

Session expired

The server has moved on; the page needs a fresh start.